 Seeded DCSS version 0.30.1 (webtiles) character file.

Game seed: 7229806256980976716 (custom seed)

6 McKennaii the Digger (level 1, 14/14 HPs)
             Began as a Demigod Earth Elementalist on July 13, 2023.
             Quit the game on level 1 of the Dungeon.
             The game lasted 00:00:17 (199 turns).

McKennaii the Digger (Demigod Earth Elementalist)    Turns: 199, Time: 00:00:18

Health: 14/14      AC:  2    Str:  9    XL:     1   Next: 60%
Magic:  5/5        EV: 12    Int: 17    God:
Gold:   17         SH:  0    Dex: 14    Spells: 3/4 levels left

rFire   . . .        (no weapon)
rCold   . . .        (no shield)
rNeg    . . .        a - +0 robe
rPois   .            (no helmet)
rElec   .            (no cloak)
rCorr   .            (no gloves)
SInv    .            (no boots)
Will    .....        (no amulet)
Stlth   ++           (no ring)
HPRegen 0.22/turn    (no ring)
MPRegen 0.09/turn

%: no passive effects
@: no status effects
A: high MP 1, forlorn, divine attributes
a: no special abilities


You were on level 1 of the Dungeon.
You visited 1 branch of the dungeon, and saw 1 of its levels.

You collected 17 gold pieces.

Inventory:

Missiles
 c - a throwing net
Armour
 a - a +0 robe (worn)
Scrolls
 d - 2 scrolls of amnesia {unknown}
 e - a scroll of acquirement
 f - a scroll of teleportation {unknown}
Potions
 b - a potion of magic


   Skills:
 - Level 1.7 Dodging
 - Level 1.7 Stealth
 + Level 2.0 Spellcasting
 - Level 0.9 Transmutations
 + Level 2.9 Earth Magic


You had 3 spell levels left.
You knew the following spells:

 Your Spells              Type           Power      Damage    Failure   Level
a - Sandblast             Erth           22%        2d7       6%          1

Your spell library contained the following spells:

 Spells                   Type           Power      Damage    Failure   Level
 Passwall                 Tmut/Erth      6%         N/A       13%         2
 Stone Arrow              Conj/Erth      12%        3d7       32%         3
 Petrify                  Tmut/Erth      8%         N/A       65%         4


Dungeon Overview and Level Annotations

Branches:
Dungeon (1/15)


Innate Abilities, Weirdness & Mutations

You have an increased reservoir of magic. (+10% MP)
You shall have no god before yourself.
Your divine heritage dramatically boosts your attributes as you level up.


Message History

A giant cockroach is nearby!
The giant cockroach barely misses you.
The blast of sand hits the giant cockroach but does no damage.
The giant cockroach is heavily wounded.
The giant cockroach misses you.
A giant cockroach is nearby!
The blast of sand hits the giant cockroach.
The giant cockroach is almost dead.
The giant cockroach closely misses you. The giant cockroach misses you.
A giant cockroach is nearby!
The blast of sand hits the giant cockroach but does no damage.
The giant cockroach is almost dead.
The giant cockroach bites you. The giant cockroach misses you.
A giant cockroach is nearby!
You hit the giant cockroach but do no damage.
The giant cockroach is almost dead.
The giant cockroach bites you.
The blast of sand hits the giant cockroach.
You kill the giant cockroach!
You see here a giant cockroach corpse.
Key pressed, stopping explore.
You can't see any susceptible monsters within range! (Use Z to cast anyway.) No target in view!
You can't see any susceptible monsters within range! (Use Z to cast anyway.) No target in view!
A goblin and a ball python come into view.
The blast of sand hits the goblin!
You kill the goblin!
Your Spellcasting skill increases to level 2!
A ball python is nearby!
The blast of sand hits the ball python.
You kill the ball python!
Key pressed, stopping explore.
You can't see any susceptible monsters within range! (Use Z to cast anyway.) No target in view!
You can't see any susceptible monsters within range! (Use Z to cast anyway.) This is a scroll of acquirement!
Something appears at your feet!
You see here a book of Debilitation.
Something appears at your feet!
Are you sure you want to abandon this character and quit the game? (Confirm with "yes".)

# #.#### # #....# #
#....# # #
###....####.. #
###...†.......# #
........)...### #
#............ #.@.#
####...############
...........†.......#
####.###.#########.#
#. #.# #.# #. #$#
#.# # #.# #(#### #.#
#..... #.# ######


There were no monsters in sight!

Vanquished Creatures
  A giant cockroach (D:1)
  A goblin (D:1)
  A hobgoblin (D:1)
  A quokka (D:1)
  A ball python (D:1)
5 creatures vanquished.

Notes
Turn   | Place    | Note
-------+----------+-------------------------------------------
     0 | D:1      | McKennaii the Demigod Earth Elementalist began the quest
                  | for the Orb.
     0 | D:1      | Reached XP level 1. HP: 14/14 MP: 5/5
   197 | D:1      | Identified 3 scrolls of acquirement
   197 | D:1      | Acquired 760 gold pieces
   198 | D:1      | Acquired a book of Debilitation
   199 | D:1      | Quit the game

Illustrated notes

Levels and vault maps discovered:
D:1:      spicycebolla_arrival_ecumenical, layout_loops_ring

Skill      XL: |  1 |
---------------+----+-----
Spellcasting   | 2 |  2.0
Dodging        | |  1.7
Stealth        | |  1.7
Transmutations | |  0.9
Earth Magic    | |  2.9

Action                     || total
---------------------------++-------
  Melee: Unarmed           ||     3
   Cast: Sandblast         ||    11
    Use: Scroll            ||     2
  Dodge: Dodged            ||     7
